 Dungeon Crawl Stone Soup version 0.28.0-53-g5a82cb258f (webtiles) character file.

Game seed: 4416616193518183157

11729 Peloso the Carver (level 11, -4/100 HPs)
             Began as a Minotaur Fighter on July 12, 2022.
             Was a Believer of Okawaru.
             Killed by divine providence
             ... invoked by an orc priest
              (12 damage)
             ... on level 11 of the Dungeon.
             The game lasted 00:21:47 (14712 turns).

Peloso the Carver (Minotaur Fighter)               Turns: 14712, Time: 00:21:47

Health: -4/100     AC: 17    Str: 28    XL:     11   Next: 53%
Magic:  10/10      EV:  8    Int:  5    God:    Okawaru [**....]
Gold:   471        SH: 10    Dex: 13    Spells: 10/10 levels left

rFire   + . .      SeeInvis +   a - +3 falchion
rCold   + . .      Faith    +   f - +0 kite shield {reflect}
rNeg    . . .      Spirit   .   u - +0 plate armour
rPois   .          Reflect  +   (helmet restricted)
rElec   .          Harm     .   j - scarf {rC+ rF+}
rCorr   .          Rampage  .   G - +0 pair of gloves
Will    .....                   (no boots)
Stlth   ..........              r - amulet of faith
HPRegen 0.26/turn               y - ring of see invisible
MPRegen 0.12/turn               D - +6 ring of strength

@: marked
A: horns 2, retaliatory headbutt
a: Renounce Religion, Heroism


You were on level 11 of the Dungeon.
You worshipped Okawaru.
Okawaru was pleased with you.
You visited 2 branches of the dungeon, and saw 12 of its levels.

You collected 493 gold pieces.
You spent 22 gold pieces at shops.

Inventory:

Hand Weapons
 a - a +3 falchion (weapon)
 b - a +1 dagger of flaming
Missiles
 L - a throwing net (quivered)
Armour
 c - a +0 buckler
 f - a +0 kite shield of reflection (worn)
 j - a scarf of resistance (worn)
 u - a +0 plate armour (worn)
 G - a +0 pair of gloves (worn)
Jewellery
 e - a +6 ring of intelligence
 r - an amulet of faith (around neck)
 y - a ring of see invisible (left hand)
 D - a +6 ring of strength (right hand)
 M - a ring of resist corrosion
Wands
 h - a wand of paralysis (6)
 n - a wand of flame (9)
 o - a wand of mindburst (10)
 v - a wand of polymorph (19)
 x - a wand of charming (8)
 N - a wand of iceblast (4)
Scrolls
 g - 3 scrolls of teleportation
 k - 6 scrolls of fear
 m - 4 scrolls of magic mapping
 p - 2 scrolls of amnesia {unknown}
 s - 2 scrolls of enchant armour {unknown}
 w - 3 scrolls of immolation {unknown}
 A - 2 scrolls of fog
 F - a scroll of holy word {unknown}
 H - a scroll of identify
 J - a scroll of summoning {unknown}
 K - a scroll of noise {unknown}
Potions
 d - a potion of might
 i - 5 potions of curing
 l - a potion of cancellation
 q - a potion of magic
 t - a potion of heal wounds
 z - 4 potions of brilliance
 B - a potion of lignification {unknown}
 C - a potion of mutation {unknown}
 E - a potion of haste {unknown}
 I - a potion of ambrosia {unknown}
 O - a potion of attraction {unknown}


   Skills:
 + Level 10.3 Fighting
 + Level 0.3(7.9) Short Blades
 + Level 13.6 Long Blades
 + Level 12.4 Armour
 + Level 3.3 Dodging
 + Level 2.3 Stealth
 + Level 7.7 Shields
 + Level 0.2 Evocations


You had 10 spell levels left.
You didn't know any spells.
Your spell library contained the following spells:

 Spells                   Type           Power      Damage    Failure   Level
 Blink                    Tloc           0%         N/A       100%        2
 Sublimation of Blood     Necr           0%         N/A       100%        2
 Wereblood                Tmut           0%         N/A       100%        2
 Frozen Ramparts          Ice            0%         1d2       100%        3
 Lesser Beckoning         Tloc           0%         N/A       100%        3
 Portal Projectile        Hex/Tloc       0%         N/A       100%        3
 Ice Form                 Ice/Tmut       0%         N/A       100%        4
 Leda's Liquefaction      Hex/Erth       0%         N/A       100%        4
 Manifold Assault         Tloc           0%         N/A       100%        5
 Call Canine Familiar     Summ           Unusable   N/A       N/A         3
 Summon Ice Beast         Ice/Summ       Unusable   N/A       N/A         4
 Summon Hydra             Summ           Unusable   N/A       N/A         7

Dungeon Overview and Level Annotations

Branches:
Dungeon (11/15)            Temple (1/1) D:5
   Lair: D:8-11         Orc: D:9-12

Altars:
Ashenzari
Cheibriados
Dithmenos
Elyvilon
Fedhas
Gozag
Hepliaklqana
Kikubaaqudgha
Makhleb
Nemelex Xobeh
Okawaru
Qazlal
Ru
Sif Muna
Trog
Uskayaw
Vehumet
Wu Jian
Xom
Yredelemnul
Zin
The Shining One

Shops:
D:5 *


Innate Abilities, Weirdness & Mutations

You have a pair of horns on your head.
You reflexively headbutt those who attack you in melee.


Message History

The orc priest hits you but does no damage.
Items here: )))) [[[ ††.
You barely miss the orc warrior. You headbutt the orc warrior.
The orc warrior is lightly wounded.
The orc priest calls upon Beogh to heal the orc warrior.
The orc warrior's wounds heal themselves!
You block the orc warrior's attack.
The orc priest mumbles some strange prayers to Beogh against you.
Beogh smites you! You block the orc warrior's attack.
The orc priest hits you but does no damage.
Things that are here:
a +0 club; an orc corpse Something unseen opens the door.
You block the orc warrior's attack.
The orc priest hits you with a +0 trident.
Items here: )))) [[[ ††.
A troll comes into view.
The orc warrior hits you from afar with a +0 halberd.
The orc priest hits you from afar with a +0 trident.
Things that are here:
a +0 club; an orc corpse Unknown command.
A two-headed ogre comes into view.
It is wielding two +0 giant spiked clubs.
The orc warrior hits you but does no damage.
A two-headed ogre comes into view. It is wielding two +0 giant clubs.
You block the orc priest's attack.
Things that are here:
a +0 club; an orc corpse An orc comes into view.
It is wielding a +0 whip.
The orc warrior hits you but does no damage.
The two-headed ogre hits you with a +0 giant spiked club!
The two-headed ogre hits you with a +0 giant spiked club!!
* * * LOW HITPOINT WARNING * * *
The two-headed ogre hits you with a +0 giant club!
* * * LOW HITPOINT WARNING * * *
You block the two-headed ogre's attack.
The orc priest looks satisfied for a moment.
The orc priest calls down the wrath of Beogh upon you.
Beogh smites you!
You die...

.................##
....#######'###...#
....#.........#...#
....#.........#...#
....#.........#...#
....##........#...#
.....#........#...#
.....#######'##...#
..<.............@.#
................O.#
#######.######.o..#
# #.. #..O.## #..
#.....# #.. #..o..#
#.. #..o..# . +.o
#.o...#
..'.##o###.....#


You could see 2 two-headed ogres, an orc warrior, 2 orc priests and an orc.

Vanquished Creatures
  Harold (D:7)
  A hydra (D:10)
  An ogre mage (D:8)
  A centaur warrior (D:8)
  A two-headed ogre (D:8)
  2 ugly things (D:8)
  A komodo dragon (D:8)
  2 kobold demonologists (D:9)
  A hornet (D:8)
  Sigmund (D:3)
  2 wyverns
  8 yaks
  2 steam dragons (D:8)
  2 vampire mosquitoes (D:10)
  Menkaure (D:7)
  2 acid dragons
  Duvessa (D:7)
  5 orc warriors
  2 ice beasts
  4 necrophages
  A sky beast (D:7)
  6 centaurs
  3 ogres
  2 phantoms
  4 kobold brigands
  3 bullfrogs (D:8)
  A wyvern zombie (D:7)
  2 gnoll sergeants
  A scorpion (D:4)
  A wyvern skeleton (D:3)
  Dowan (D:7)
  3 killer bees (D:9)
  10 wights
  4 howler monkeys
  A bullfrog zombie (D:6)
  A jelly (D:4)
  3 orc priests
  3 hounds
  Jessica (D:2)
  Ijyb (D:3)
  5 iguanas
  11 orc wizards
  Terence (D:2)
  A hound zombie (D:5)
  3 howler monkey zombies
  12 gnolls
  3 howler monkey skeletons
  2 adders
  A shadow imp (D:6)
  An adder skeleton (D:4)
  5 worms
  2 dart slugs
  29 orcs
  2 bats
  6 endoplasms
  3 giant cockroaches
  11 hobgoblins
  16 kobolds
  3 quokkas
  7 ball pythons
  3 frilled lizards (D:2)
  5 goblins
  7 rats
232 creatures vanquished.

Notes
Turn   | Place    | Note
-------+----------+-------------------------------------------
     0 | D:1      | Peloso the Minotaur Fighter began the quest for the Orb.
     0 | D:1      | Reached XP level 1. HP: 19/19 MP: 0/0
   242 | D:1      | Reached XP level 2. HP: 27/27 MP: 1/1
   998 | D:2      | Reached XP level 3. HP: 31/34 MP: 2/2
  1102 | D:2      | Reached skill level 3 in Long Blades
  1195 | D:2      | Noticed Jessica
  1205 | D:2      | Killed Jessica
  1206 | D:2      | Reached XP level 4. HP: 37/41 MP: 3/3
  1291 | D:2      | Noticed Terence
  1296 | D:2      | Killed Terence
  1297 | D:2      | Reached skill level 4 in Long Blades
  1942 | D:3      | Noticed Ijyb
  1945 | D:3      | Paralysed by Ijyb for 2 turns
  1954 | D:3      | Paralysed by Ijyb for 2 turns
  1956 | D:3      | Killed Ijyb
  1957 | D:3      | Reached XP level 5. HP: 43/47 MP: 4/4
  2013 | D:3      | Found a faded altar of an unknown god.
  2024 | D:3      | Reached skill level 5 in Long Blades
  2362 | D:3      | Noticed a necrophage
  2377 | D:3      | Killed a necrophage
  2378 | D:3      | Reached skill level 5 in Armour
  2378 | D:3      | Reached XP level 6. HP: 42/53 MP: 5/5
  2535 | D:3      | Noticed Sigmund
  2546 | D:3      | Killed Sigmund
  2547 | D:3      | Reached skill level 6 in Long Blades
  2795 | D:4      | Reached skill level 1 in Stealth
  2799 | D:4      | Noticed an orc warrior
  2810 | D:4      | Killed an orc warrior
  2811 | D:4      | Reached XP level 7. HP: 60/60 MP: 6/6
  2949 | D:4      | Reached skill level 7 in Long Blades
  3228 | D:4      | Reached skill level 5 in Fighting
  4135 | D:4      | Reached skill level 8 in Long Blades
  4135 | D:4      | Reached XP level 8. HP: 59/69 MP: 7/7
  4484 | D:5      | Entered Level 5 of the Dungeon
  4508 | D:5      | Found Ecvoinokk's General Store.
  4549 | D:5      | Bought a scroll of identify for 22 gold pieces
  4733 | D:5      | Reached skill level 1 in Dodging
  4780 | D:5      | Found a staircase to the Ecumenical Temple.
  4801 | Temple   | Entered the Ecumenical Temple
  5460 | D:6      | Reached skill level 9 in Long Blades
  5889 | D:6      | Reached skill level 5 in Shields
  6066 | D:7      | Found a glowing golden altar of the Shining One.
  6066 | D:7      | Found a radiant altar of Vehumet.
  6170 | D:7      | Noticed Menkaure
  6181 | D:7      | Killed Menkaure
  6182 | D:7      | Reached XP level 9. HP: 65/79 MP: 8/8
  6350 | D:7      | Noticed Harold
  6871 | D:7      | Reached skill level 10 in Long Blades
  7252 | D:8      | Noticed a two-headed ogre
  8288 | D:8      | Killed a two-headed ogre
  8458 | D:8      | Noticed a centaur warrior
  8466 | D:8      | Killed a centaur warrior
  8467 | D:8      | Reached skill level 10 in Armour
  8470 | D:8      | Reached XP level 10. HP: 24/88 MP: 9/9
  8941 | D:8      | Reached skill level 11 in Long Blades
  9751 | D:8      | Noticed a brown ugly thing
  9751 | D:8      | Noticed an ogre mage
  9751 | D:8      | Noticed a green ugly thing
  9756 | D:8      | Killed a brown ugly thing
  9760 | D:8      | Killed an ogre mage
  9761 | D:8      | Reached skill level 12 in Long Blades
  9765 | D:8      | Killed a green ugly thing
  9950 | D:8      | Paralysed by a hornet for 1 turns
 10238 | D:9      | Noticed a rust devil
 10435 | D:9      | Found a burning altar of Makhleb.
 10435 | D:9      | Found a stormy altar of Qazlal.
 11098 | D:9      | Reached XP level 11. HP: 91/99 MP: 10/10
 11152 | D:9      | Found a shimmering blue altar of Sif Muna.
 11152 | D:9      | Found an iron altar of Okawaru.
 11163 | D:9      | Became a worshipper of Warmaster Okawaru
 11907 | D:9      | Reached * piety under Okawaru
 11908 | D:9      | Reached skill level 13 in Long Blades
 12365 | D:7      | Noticed Dowan
 12375 | D:7      | Killed Dowan
 12402 | D:7      | Noticed Duvessa
 12410 | D:7      | Killed Duvessa
 12888 | D:7      | Killed Harold
 12892 | D:7      | Reached skill level 10 in Fighting
 13314 | D:10     | Entered Level 10 of the Dungeon
 13631 | D:10     | Reached ** piety under Okawaru
 13950 | D:10     | Noticed a seven-headed hydra
 13964 | D:10     | Killed a seven-headed hydra
 14701 | D:11     | Noticed a two-headed ogre
 14702 | D:11     | Noticed a two-headed ogre
 14704 | D:11     | HP: 5/100 [two-headed ogre/+0 giant club (7)]
 14712 | D:11     | Killed from afar by an orc priest

Illustrated notes

Levels and vault maps discovered:
D:1:      erik_arrival_cave_to_civilisation [erik_arrival_cave_to_hall],
          layout_loops_ring, serial_bayou_ford_a
D:2:      layout_loops_ring, minmay_misc_feat_alley, uniq_terence, uniq_jessica
D:3:      layout_loops_cross, hellmonk_ecumenical_altar_run_dry, uniq_ijyb,
          uniq_sigmund
D:4:      layout_basic
D:5:      layout_cave_pools, minmay_temple_entry_gardened_gates, serial_shops,
          shop, serial_bayou_lagoon_b
D:6:      layout_basic
D:7:      layout_gridville, mainiacjoe_overflow_large_starburst,
          minmay_unpleasant_kobolds, uniq_harold, uniq_menkaure, uniq_duvessa
D:8:      nzn_winding_woodlands_cross [nzn_winding_woodlands_5x15_pool,
          nzn_winding_woodlands_5x15_parted,
          nzn_winding_woodlands_5x15_longhouse,
          nzn_winding_woodlands_5x15_pockets,
          nzn_winding_woodlands_15x15_thick_spiral], layout_cave_pools
D:9:      layout_gridville, chequers_temple_overflow_statue_of_worship,
          kennysheep_another_room
D:10:     layout_roguey, nicolae_concentric_dashed_squares_wild, minivault_11
D:11:     layout_irregular_city, lair_entry_dummy, minmay_orc_entry_temple_small
Temple:   nicolae_temple_elliptical

Skill      XL: |  1  2  3  4  5  6  7  8  9 10 11 |
---------------+----------------------------------+-----
Armour         | 4 5 6 7 10 11 12 | 12.4
Fighting       | 4 5 7 8 9 10 | 10.3
Shields        | 4 5 6 7 |  7.7
Long Blades    | 3 4 5 6 8 9 10 12 13 | 13.6
Stealth        | 1 2 |  2.3
Dodging        | 1 2 3 |  3.3
Short Blades   | |  0.3
Evocations     | |  0.2

Action                   |  1- 3 |  4- 6 |  7- 9 | 10-12 || total
-------------------------+-------+-------+-------+-------++-------
Melee: Long sword        |    47 |    88 |   311 |   130 ||   576
       Headbutt          |     8 |    13 |    79 |   102 ||   202
       Falchion          |       |       |       |   274 ||   274
       Dagger            |       |       |       |    12 ||    12
Invok: Heroism           |       |       |       |     2 ||     2
Evoke: Wand              |       |     4 |       |       ||     4
  Use: Scroll            |     2 |     4 |     6 |       ||    12
       Potion            |       |       |     1 |     1 ||     2
 Stab: Paralysed         |       |     9 |       |       ||     9
Armor: Scale mail        |    18 |    25 |     5 |       ||    48
       Chain mail        |       |       |   103 |       ||   103
       Plate armour      |       |       |    18 |   183 ||   201
Dodge: Dodged            |    20 |    26 |    81 |   121 ||   248
Block: Buckler           |     6 |    22 |    59 |    78 ||   165
       Kite shield       |       |       |       |    36 ||    36
       Reflection        |       |       |       |     2 ||     2
